 Dungeon Crawl Stone Soup version 0.22.1-2-g9c5b331 (webtiles) character file.

107 lysyklops the Shield-Bearer (level 4, 0/41 HPs)
             Began as a Minotaur Fighter on Dec 17, 2018.
             Slain by Sigmund
             ... wielding a +0 scythe
              (7 damage)
             ... on level 2 of the Dungeon.
             The game lasted 00:01:50 (1055 turns).

lysyklops the Shield-Bearer (Minotaur Fighter)      Turns: 1055, Time: 00:01:51

Health: 0/41       AC:  8    Str: 27    XL:     4   Next: 57%
Magic:  3/3        EV:  7    Int:  5    God:
Gold:   63         SH: 10    Dex:  9    Spells: 3/3 levels left

rFire    . . .     SeeInvis .   a - +0 long sword
rCold    . . .     Gourm    .   c - +0 shield
rNeg     . . .     Faith    .   b - +0 scale mail
rPois    .         Spirit   .   (helmet restricted)
rElec    .         Reflect  .   j - +0 cloak
rCorr    .         Harm     .   (no gloves)
MR       .....                  (no boots)
Stlth    ..........             (no amulet)
HPRegen  0.13/turn              (no ring)
MPRegen  0.08/turn              (no ring)

@: mighty, lethally poisoned (0 -> -5), drained
A: retaliatory headbutt, horns 2
a: no special abilities


You were on level 2 of the Dungeon.
You were hungry.

You visited 1 branch of the dungeon, and saw 2 of its levels.

You collected 63 gold pieces.

Inventory:

Hand Weapons
 a - a +0 long sword (weapon)
Armour
 b - a +0 scale mail (worn)
 c - a +0 shield (worn)
 j - a +0 cloak (worn)
Jewellery
 h - an uncursed ring of ice {unknown}
Scrolls
 g - a scroll of teleportation {unknown}
 i - 2 scrolls of identify {unknown}
Potions
 e - a potion of degeneration {unknown}
 k - 2 potions of resistance {unknown}
Comestibles
 f - a ration


   Skills:
 + Level 4.5(4.0) Fighting
 + Level 3.6(3.2) Long Blades
 + Level 4.4(4.0) Armour
 + Level 4.5(4.0) Shields


You had 3 spell levels left.
You didn't know any spells.
Your spell library was empty.

Dungeon Overview and Level Annotations

Branches:
Dungeon (2/15)

Altars:

Annotations:
D:2 Sigmund


Innate Abilities, Weirdness & Mutations

You reflexively headbutt those who attack you in melee.
You have a pair of horns on your head.


Message History

You block the adder's attack.
You miss the adder. You block the adder's attack. Something hits you.
The adder bites you.
You are poisoned.
The adder poisons you!
You hit the adder.
The adder is heavily wounded.
You feel sick. The adder bites you.
You are more poisoned.
The adder poisons you! Something hits you but does no damage.
The adder barely misses you. You furiously retaliate!
You headbutt the adder.
You kill the adder!
You feel very mighty all of a sudden.
You feel sick. Something hits you!
* * * LOW HITPOINT WARNING * * *
You feel sick.
Items here: ) ††† a dagger; a kobold corpse x2; a bat corpse You slash something!
You feel sick. Something hits you!
You die...

#. ####### #. #.....#
#.######.....## ###.....##......
.......# ..... .....# ...
###...# #{# ###.....####@#
######## #...###....#.#
##....... #...#
#...#..########...####. #..##
##..##.............# #.
####.)#...#..#..########....###.
##.†....# #......# ##.#.#...
.......#...#.###)# #.#.#.##
.......##.##.# #.# #.#.#.#
##.##...#.#..###)# #.#.#.#


There were no monsters in sight!

Vanquished Creatures
  Natasha (twice) (D:2)
  2 adders (D:2)
  An ooze (D:1)
  A dart slug (D:1)
  2 leopard geckos
  A giant cockroach (D:1)
  5 goblins
  6 hobgoblins
  4 bats
  A frilled lizard (D:2)
  4 kobolds
  4 rats
33 creatures vanquished.

Notes
Turn   | Place    | Note
-------+----------+-------------------------------------------
     0 | D:1      | lysyklops the Minotaur Fighter began the quest for the Orb.
     0 | D:1      | Reached XP level 1. HP: 19/19 MP: 0/0
   101 | D:1      | Reached XP level 2. HP: 26/27 MP: 1/1
   552 | D:2      | Reached XP level 3. HP: 33/33 MP: 2/2
   579 | D:2      | Noticed Natasha
   587 | D:2      | Killed Natasha
   590 | D:2      | Reached XP level 4. HP: 20/40 MP: 3/3
   818 | D:2      | Noticed Natasha
   832 | D:2      | Killed Natasha
  1038 | D:2      | Noticed Sigmund
  1055 | D:2      | Slain by Sigmund

Skill      XL: |  1  2 |
---------------+-------+-----
Fighting       | 4 |  4.5
Armour         | 4 |  4.4
Shields        | 4 |  4.5
Long Blades    | 3 |  3.6

Action                   |  1- 3 |  4- 6 || total
-------------------------+-------+-------++-------
Melee: Long sword        |    57 |    28 ||    85
       Headbutt          |     3 |     4 ||     7
  Use: Potion            |       |     1 ||     1
Armor: Scale mail        |    18 |    17 ||    35
Dodge: Dodged            |    14 |     9 ||    23
Block: Shield            |    23 |    18 ||    41
       Rpst.: Long sword |       |     4 ||     4
